 Dungeon Crawl Stone Soup version 0.32-a0-558-g233958a4c4 (webtiles) character file.

Game seed: 5072503038025366048

376 inmateoo the Poker (level 6, 0/43 HPs)
             Began as a Coglin Gladiator on Mar 1, 2024.
             Was a Follower of Hepliaklqana.
             Slain by a lemure (6 damage)
             ... led by Pikel
             ... on level 5 of the Dungeon.
             The game lasted 00:02:48 (3502 turns).

inmateoo the Poker (Coglin Gladiator)               Turns: 3502, Time: 00:02:49

Health: 0/43       AC:  7    Str: 16    XL:     6   Next: 73%
Magic:  6/6        EV: 12    Int:  8    God:    Hepliaklqana [*.....]
Gold:   215        SH:  0    Dex: 15    Spells: 5/5 levels left

rFire   . . .        a - +0 trident (spect) {Hua}
rCold   . . .        g - +0 spear {Fredrik}
rNeg    . . .        m - +2 leather armour {Will+}
rPois   .            c - +0 helmet
rElec   .            (no cloak)
rCorr   .            n - +0 pair of gloves
SInv    .            (no boots)
Will    +....        (amulet unavailable)
Stlth   +            (ring unavailable)
HPRegen 0.27/turn    (ring unavailable)
MPRegen 0.10/turn    (no gizmo)

%: no passive effects
@: revved
A: reduced essence, off-hand wielding, slow wielding, warmup strikes, no jewelry
a: Invent Gizmo, Renounce Religion, Recall Ancestor, Ancestor Identity


You were on level 5 of the Dungeon.
You worshipped Hepliaklqana.
Hepliaklqana was aware of your devotion.
You visited 1 branch of the dungeon, and saw 5 of its levels.

You collected 215 gold pieces.

Inventory:

Hand Weapons
 a - a +0 spectral trident (weapon) {Hua}
 g - a +0 spear (offhand) {Fredrik}
Missiles
 d - 3 throwing nets
 e - a javelin
 o - 3 curare-tipped darts (quivered)
Armour
 c - a +0 helmet (worn)
 m - a +2 leather armour of willpower (worn)
 n - a +0 pair of gloves (worn)
Wands
 q - a wand of warping (9)
 t - a wand of paralysis (1)
Scrolls
 b - a scroll of teleportation {unknown}
 h - a scroll of noise
 j - a scroll of immolation {unknown}
 l - a scroll of poison
 r - a scroll of revelation
 u - a scroll of enchant armour {unknown}
 v - a scroll of acquirement {unknown}
Potions
 f - 3 potions of might
 i - a potion of degeneration {unknown}
 k - a potion of cancellation
 p - a potion of mutation
 s - 2 potions of brilliance
 w - a potion of attraction {unknown}


   Skills:
 + Level 4.3 Fighting
 * Level 5.6 Polearms
 - Level 1.7 Throwing
 - Level 2.6 Dodging


You had 5 spell levels left.
You didn't know any spells.
Your spell library contained the following spells:

 Spells                   Type           Power      Damage    Failure   Level
 Blink                    Tloc           0%         N/A       63%         2
 Ensorcelled Hibernation  Hex/Ice        0%         N/A       63%         2
 Lesser Beckoning         Tloc           0%         N/A       63%         2
 Momentum Strike          Conj/Tloc      0%         3d8       63%         2
 Static Discharge         Conj/Air       0%         3-3/arc   63%         2
 Passwall                 Erth           0%         N/A       85%         3
 Swiftness                Air            0%         N/A       85%         3
 Airstrike                Air            0%         2d(0-16)  99%         4
 Summon Lightning Spire   Summ/Air       0%         N/A       99%         4


Dungeon Overview and Level Annotations

Branches:
Dungeon (5/15)
 Temple: D:4-7

Altars:
Dithmenos
Hepliaklqana
Nemelex Xobeh
Qazlal
Xom

Annotations:
D:5 Pikel


Innate Abilities, Weirdness & Mutations

Your life essence is reduced to manifest your ancestor. (-10% HP)
You can wield a second weapon in your off-hand.
It takes a long time for you to wield or remove held weapons.
Your first few attacks do less damage.
You cannot equip rings or amulets.


Message History

Pikel is heavily wounded.
You hit Pikel but do no damage.
Your +0 spectral trident {Hua} barely misses Pikel.
Pikel closely misses your +0 spectral trident {Hua}.
Anun Ruq barely misses Pikel.
Reach: a) +0 trident (spect) {Hua}
Press: ? - help, Dir - move target, f/p - Pikel
Aim: Pikel, wielding a +1 whip of flaming, wearing a +0 robe and carrying a wand of acid (heavily wounded, about 45% to evade your +0 spectral trident)
You reach to attack!
You closely miss Pikel with your +0 spear.
Pikel is heavily wounded.
You hit Pikel but do no damage.
Your +0 spectral trident {Hua} closely misses Pikel.
Pikel misses your +0 spectral trident {Hua}.
The lemure hits you but does no damage.
Reach: a) +0 trident (spect) {Hua}
Press: ? - help, Dir - move target, f/p - Pikel
Aim: Pikel, wielding a +1 whip of flaming, wearing a +0 robe and carrying a wand of acid (heavily wounded, about 45% to evade your +0 spectral trident)
You reach to attack!
You hit Pikel but do no damage.
Pikel is heavily wounded.
You closely miss Pikel with your +0 spear.
Your +0 spectral trident {Hua} hits Pikel.
Anun Ruq closely misses Pikel.
Pikel says, "Hell isn't that bad."
Pikel hits your +0 spectral trident {Hua} with a +1 whip of flaming!
Your spectral weapon shares its damage with you!
Pikel burns your +0 spectral trident {Hua}.
Your spectral weapon shares its damage with you!
* * * LOW HITPOINT WARNING * * *
The lemure closely misses you.
Reach: a) +0 trident (spect) {Hua}
Press: ? - help, Dir - move target, f/p - Pikel
Aim: Pikel, wielding a +1 whip of flaming, wearing a +0 robe and carrying a wand of acid (heavily wounded, ally target, about 45% to evade your +0 spectral trident)
You reach to attack!
You hit Pikel but do no damage.
Pikel is heavily wounded.
You closely miss Pikel with your +0 spectral trident.
Your +0 spectral trident {Hua} barely misses Pikel.
Anun Ruq hits Pikel.
The lemure hits you.
You die...
Hepliaklqana delivers you to your ancestors.

...........
.............#
#............#
#............#
#............#
#............# .
#............# ...
.............#
....ß####ß.........#
#..55K(@5'.........#
#...ß#R.#ß.........#
#.# #++####.......#
#..###### #..# #..#
#.## #.# ..#


You could see the friendly Anun Ruq the ancestor, Pikel (ally target), 3 lemures
and a friendly +0 spectral trident {Hua}.

Vanquished Creatures
  A black bear (D:3)
  A jelly (D:5)
  An orc priest (D:5)
  2 sleepcaps
  Ijyb (D:5)
  An orc wizard (D:5)
  4 adders (D:2)
  3 dart slugs (D:3)
  3 ribbon worms
  7 orcs
  7 bats
  4 endoplasms
  2 giant cockroaches
  3 goblins (D:2)
  4 hobgoblins
  3 jackals (D:3)
  3 quokkas
  5 ball pythons
  A frilled lizard (D:3)
  6 kobolds
  5 rats
67 creatures vanquished.

Vanquished Creatures (collateral kills)
  A lemure (D:5)
  An orc (D:5)
2 creatures vanquished.

Vanquished Creatures (others)
  A spectral weapon (D:5)
1 creature vanquished.

Grand Total: 70 creatures vanquished

Notes
Turn   | Place    | Note
-------+----------+-------------------------------------------
     0 | D:1      | inmateoo the Coglin Gladiator began the quest for the Orb.
     0 | D:1      | Reached XP level 1. HP: 16/16 MP: 1/1
    82 | D:1      | Reached skill level 3 in Polearms
   321 | D:1      | Reached XP level 2. HP: 22/22 MP: 2/2
   872 | D:2      | HP: 1/23 [poisoned by an adder]
   876 | D:2      | Reached XP level 3. HP: 2/28 MP: 3/3
  1173 | D:2      | You fall into a shaft and drop 2 floors!
  1264 | D:4      | Reached XP level 4. HP: 24/35 MP: 4/4
  1322 | D:3      | Reached skill level 4 in Polearms
  1762 | D:3      | Reached XP level 5. HP: 38/41 MP: 5/5
  1871 | D:3      | Noticed a black bear
  1878 | D:3      | Killed a black bear
  1879 | D:3      | Reached skill level 5 in Polearms
  2091 | D:4      | Found a hazy altar of Hepliaklqana.
  2092 | D:4      | Found a shimmering altar of Xom.
  2093 | D:4      | Noticed a spectral ugly thing
  2115 | D:4      | Became a worshipper of Hepliaklqana the Forgotten
  2429 | D:4      | Reached XP level 6. HP: 48/48 MP: 6/6
  2587 | D:4      | Found a shadowy altar of Dithmenos.
  3089 | D:5      | Entered Level 5 of the Dungeon
  3134 | D:5      | Noticed Ijyb
  3144 | D:5      | Killed Ijyb
  3261 | D:5      | Found a stormy altar of Qazlal.
  3322 | D:5      | Reached * piety under Hepliaklqana
  3339 | D:5      | Found a sparkling altar of Nemelex Xobeh.
  3486 | D:5      | Noticed Pikel
  3502 | D:5      | Slain by a lemure

Illustrated notes

Levels and vault maps discovered:
D:1:      wander_arrival_desolate, layout_basic
D:2:      layout_rooms
D:3:      layout_basic, kennysheep_generic_room_6
D:4:      layout_layer_cave, regret_index_temple_of_mockery, lemuel_tele_altar
D:5:      layout_basic, nicolae_qazlal_scattered_showers, jmf_multi_god_temple2,
          nemelex_altar_shiori, uniq_ijyb, uniq_pikel

Skill      XL: |  1  2  3  4  5  6 |
---------------+-------------------+-----
Polearms       | 3 4 5 |  5.6
Fighting       | 3 4 |  4.3
Throwing       | |  1.7
Dodging        | |  2.6

Action                     |  1- 3 |  4- 6 || total
---------------------------+-------+-------++-------
  Melee: Trident           |    67 |   111 ||   178
         Spear             |    54 |   106 ||   160
  Throw: Dart              |       |     1 ||     1
    Use: Potion            |     2 |       ||     2
         Scroll            |       |     8 ||     8
   Stab: Distracted        |       |     1 ||     1
 Armour: Leather armour    |    37 |    44 ||    81
  Dodge: Dodged            |    35 |    41 ||    76

Table legend: (Time is in decaauts)
 A = Elapsed time spent in this place.
 B = Non-inter-level travel time spent in this place.
 C = Inter-level travel time spent in this place.
 D = Time resting spent in this place.
 E = Time spent auto-exploring this place.
 F = Levels seen in this place.
 G = Mean time per level.
                   A        B        C        D        E       F      G
               +--------+--------+--------+--------+--------+-----+--------+
         Total |   3513 |   3413 |    100 |    348 |   2523 |   5 |  702.6 |
       Dungeon |   3513 |   3413 |    100 |    348 |   2523 |   5 |  702.6 |
               +--------+--------+--------+--------+--------+-----+--------+

Top non-repeatable levels by time:
     D:4: 1168 daAuts
     D:1: 755 daAuts
     D:2: 702 daAuts
     D:3: 476 daAuts
     D:5: 409 daAuts
